MLB
TEXAS RANGERS @ OAKLAND ATHLETICS
08/16/2047
 
TOP OF THE 1ST
Texas Rangers batting - Pitching for Oakland Athletics : RHP Franklin Rojas
Pitching: RHP Franklin Rojas
Batting: SHB Addick de Vries 0-0: Ball
1-0: SINGLE (Flyball, 8LS, EV 98.8 MPH)
Batting: LHB Sean Geisler 0-0: Called Strike
0-1: Foul Ball, location: 2F
0-2: Fly out, F9 (Flyball, 9D, EV 93.1 MPH)
Batting: RHB Butch Kaiser 0-0: Ball
1-0: Called Strike
1-1: Swinging Strike
1-2: DOUBLE (Line Drive, 9LD, EV 106.2 MPH)
Addick de Vries to third
Batting: SHB Robbie Rogers 0-0: Ball
1-0: SINGLE (Line Drive, 4MD, EV 102.5 MPH)
Addick de Vries scores
Butch Kaiser to third
Batting: LHB Andy Bowman 0-0: Called Strike
0-1: Foul Ball, location: 2F
0-2: Ball
1-2: Strikes out looking
Batting: RHB Ray Llewellyn 0-0: Called Strike
0-1: Ball
Robbie Rogers steals 2nd base
1-1: Foul Ball, location: 2F
1-2: Strikes out looking
Top of the 1st over - 1 run, 3 hits, 0 errors, 2 left on base; Texas 1 - Oakland 0
BOTTOM OF THE 1ST
Oakland Athletics batting - Pitching for Texas Rangers : RHP Pimbly Nimblebottom
Pitching: RHP Pimbly Nimblebottom
Batting: LHB Joel Kunkler 0-0: Ball
1-0: Called Strike
1-1: SINGLE (Groundball, 4MD, EV 99.4 MPH)
Batting: RHB Randy Shrewsbury 0-0: Called Strike
0-1: Swinging Strike
0-2: Strikes out swinging
Batting: RHB Muneo Kawachi 0-0: Ball
1-0: Ball
2-0: Ball
3-0: Base on Balls
Joel Kunkler to second
Batting: SHB Quincy Bradford 0-0: Ball
1-0: Foul Ball, location: 2F
1-1: Foul Ball, location: 2F
1-2: Hit by Pitch
Joel Kunkler to third
Muneo Kawachi to second
Batting: RHB Jason May 0-0: Foul Ball, location: 2F
0-1: Ball
1-1: SINGLE (Groundball, 4, EV 100.6 MPH)
Joel Kunkler scores
Muneo Kawachi to third
Quincy Bradford to second
Runner from 3rd tries for Home, SAFE, throw by CF to home
Batting: LHB Sakae Kasahara 0-0: Ball
1-0: Swinging Strike
1-1: Called Strike
1-2: Ball
2-2: Foul Ball, location: 2F
2-2: Strikes out swinging
Batting: RHB Edwin Madrid 0-0: Called Strike
0-1: Foul Ball, location: 2F
0-2: Ball
1-2: Foul Ball, location: 2F
1-2: Foul Ball, location: 2F
1-2: Ball
2-2: Foul Ball, location: 2F
2-2: Ground out 4-3 (Groundball, 4, EV 111.2 MPH)
Bottom of the 1st over - 2 runs, 2 hits, 0 errors, 2 left on base; Texas 1 - Oakland 2
TOP OF THE 2ND
Texas Rangers batting - Pitching for Oakland Athletics : RHP Franklin Rojas
Batting: RHB Zhao-ji Chi 0-0: Called Strike
0-1: Ground out 6-3 (Groundball, 6, EV 83.8 MPH)
Batting: RHB Rodolfo Contreras 0-0: Called Strike
0-1: Called Strike
0-2: Ball
1-2: Foul Ball, location: 2F
1-2: Foul Ball, location: 2F
1-2: Foul Ball, location: 2F
1-2: Foul Ball, location: 2F
1-2: SINGLE (Flyball, 5D, EV 98.1 MPH)
Batting: RHB Danny Heyer 0-0: Ball
1-0: Grounds into double play, 6-4-3 (Groundball, 56, EV 105.6 MPH)
Top of the 2nd over - 0 runs, 1 hit, 0 errors, 0 left on base; Texas 1 - Oakland 2
BOTTOM OF THE 2ND
Oakland Athletics batting - Pitching for Texas Rangers : RHP Pimbly Nimblebottom
Batting: SHB Moe Lester 0-0: Ball
1-0: Ball
2-0: Called Strike
2-1: Foul Ball, location: 2F
2-2: Ball
3-2: SOLO HOME RUN (Flyball, 9LD, EV 91.2 MPH), Distance : 337 ft
Batting: LHB Al Hernandez 0-0: Foul Ball, location: 2F
0-1: Ball
1-1: Called Strike
1-2: Foul Ball, location: 2F
1-2: Ball
2-2: Ball
3-2: Ground out 4-3 (Groundball, 4, EV 86.9 MPH)
Batting: LHB Joel Kunkler 0-0: Ball
1-0: Called Strike
1-1: Ball
2-1: Ball
3-1: Foul Ball, location: 2F
3-2: Base on Balls
Batting: RHB Randy Shrewsbury 0-0: Fielders Choice at 2nd, 4-6 (Groundball, 4, EV 81.9 MPH)
Batting: RHB Muneo Kawachi 0-0: Ground out 4-3 (Groundball, 34, EV 76.2 MPH)
Bottom of the 2nd over - 1 run, 1 hit, 0 errors, 1 left on base; Texas 1 - Oakland 3
TOP OF THE 3RD
Texas Rangers batting - Pitching for Oakland Athletics : RHP Franklin Rojas
Batting: SHB Addick de Vries 0-0: Called Strike
0-1: Ball
1-1: Swinging Strike
1-2: Ground out 4-3 (Groundball, 4, EV 93.1 MPH)
Batting: LHB Sean Geisler 0-0: Ball
1-0: Ball
2-0: Foul Ball, location: 2F
2-1: Called Strike
2-2: Strikes out looking
Batting: RHB Butch Kaiser 0-0: Foul Ball, location: 2F
0-1: Ball
1-1: Ball
2-1: Ball
3-1: SINGLE (Groundball, 6D, EV 95.6 MPH)
Batting: SHB Robbie Rogers 0-0: Fielders Choice at 2nd, 6-4 (Groundball, 6, EV 82.5 MPH)
Top of the 3rd over - 0 runs, 1 hit, 0 errors, 1 left on base; Texas 1 - Oakland 3
BOTTOM OF THE 3RD
Oakland Athletics batting - Pitching for Texas Rangers : RHP Pimbly Nimblebottom
Batting: SHB Quincy Bradford 0-0: Called Strike
0-1: Ball
1-1: Foul Ball, location: 2F
1-2: Ball
2-2: Ball
3-2: Strikes out looking
Batting: RHB Jason May 0-0: Foul Ball, location: 2F
0-1: Ball
1-1: Ball
2-1: Swinging Strike
2-2: Foul Ball, location: 2F
2-2: Foul Ball, location: 2F
2-2: Foul Ball, location: 2F
2-2: Ball
3-2: Base on Balls
Batting: LHB Sakae Kasahara 0-0: Ball
1-0: Fly out, F9 (Flyball, 9LS, EV 76.9 MPH)
Batting: RHB Edwin Madrid 0-0: Foul Ball, location: 2F
0-1: Foul Ball, location: 2F
0-2: Ball
1-2: Ground out 4-3 (Groundball, 4, EV 84.4 MPH)
Bottom of the 3rd over - 0 runs, 0 hits, 0 errors, 1 left on base; Texas 1 - Oakland 3
TOP OF THE 4TH
Texas Rangers batting - Pitching for Oakland Athletics : RHP Franklin Rojas
Batting: LHB Andy Bowman 0-0: Called Strike
0-1: Swinging Strike
0-2: Ball
1-2: Ball
2-2: Reached via error on a dropped throw from 3B, E3 (Groundball, 5S, EV 69.4 MPH)
Batting: RHB Ray Llewellyn 0-0: Ball
1-0: Ball
2-0: Ball
3-0: Base on Balls
Andy Bowman to second
Batting: RHB Zhao-ji Chi 0-0: Ball
1-0: Foul Ball, location: 2F
1-1: Swinging Strike
1-2: Ball
2-2: DOUBLE (Line Drive, 7LM, EV 104.4 MPH)
Andy Bowman scores
Ray Llewellyn to third
Batting: RHB Rodolfo Contreras 0-0: Foul Ball, location: 2F
0-1: Ball
1-1: Foul Ball, location: 2F
1-2: Fly out, F9 (Line Drive, 89S, EV 97.5 MPH)
Batting: RHB Danny Heyer 0-0: Ground out 6-3 (Groundball, 56, EV 85.0 MPH)
Ray Llewellyn scores
Batting: SHB Addick de Vries 0-0: Hit by Pitch
Batting: LHB Sean Geisler 0-0: Swinging Strike
0-1: Ball
1-1: SINGLE (Groundball, 34D, EV 102.5 MPH)
Zhao-ji Chi to third
Addick de Vries to second
Runner from 3rd tries for Home, SAFE, throw by RF to home
Addick de Vries to third
Sean Geisler to second
Batting: RHB Butch Kaiser 0-0: Foul Ball, location: 2F
0-1: Fly out, F9 (Flyball, 9LS, EV 97.5 MPH)
Top of the 4th over - 3 runs, 2 hits, 1 error, 2 left on base; Texas 4 - Oakland 3
BOTTOM OF THE 4TH
Oakland Athletics batting - Pitching for Texas Rangers : RHP Pimbly Nimblebottom
Batting: SHB Moe Lester 0-0: Ball
1-0: Ball
2-0: Called Strike
2-1: Swinging Strike
2-2: Strikes out swinging
Batting: LHB Al Hernandez 0-0: Ball
1-0: Foul Ball, location: 2F
1-1: SINGLE (Groundball, 34D, EV 105.0 MPH)
Batting: LHB Joel Kunkler 0-0: Ball
1-0: Ball
2-0: Called Strike
2-1: Foul Ball, location: 2F
2-2: Foul Ball, location: 2F
2-2: Ball
3-2: Base on Balls
Al Hernandez to second
Batting: RHB Randy Shrewsbury 0-0: Ground out 5-3 (Groundball, 56S, EV 67.5 MPH)
Al Hernandez to third
Joel Kunkler to second
Batting: RHB Muneo Kawachi 0-0: Ground out 6-3 (Groundball, 6, EV 81.9 MPH)
Bottom of the 4th over - 0 runs, 1 hit, 0 errors, 2 left on base; Texas 4 - Oakland 3
TOP OF THE 5TH
Texas Rangers batting - Pitching for Oakland Athletics : RHP Franklin Rojas
Batting: SHB Robbie Rogers 0-0: Called Strike
0-1: Fly out, F4 (Line Drive, 4M, EV 68.1 MPH)
Batting: LHB Andy Bowman 0-0: SINGLE (Line Drive, 7LS, EV 102.5 MPH)
Batting: RHB Ray Llewellyn 0-0: Ball
1-0: Called Strike
1-1: SINGLE (Groundball, 4MD, EV 111.2 MPH)
Andy Bowman to second
Runner from 2nd tries for 3rd, SAFE, no throw by CF
Batting: RHB Zhao-ji Chi 0-0: Called Strike
0-1: Foul Ball, location: 2F
0-2: Ball
Wild Pitch!
Andy Bowman scores
Ray Llewellyn to second
1-2: Strikes out swinging
Pitching: RHP Orlando Giron
Batting: RHB Rodolfo Contreras 0-0: Called Strike
0-1: Foul Ball, location: 2F
0-2: Strikes out swinging
Top of the 5th over - 1 run, 2 hits, 0 errors, 1 left on base; Texas 5 - Oakland 3
BOTTOM OF THE 5TH
Oakland Athletics batting - Pitching for Texas Rangers : RHP Pimbly Nimblebottom
Batting: SHB Quincy Bradford 0-0: Called Strike
0-1: SINGLE (Groundball, 56S, EV 100.0 MPH)
Batting: RHB Jason May 0-0: Called Strike
0-1: Ball
1-1: Ball
2-1: SINGLE (Groundball, 34, EV 103.1 MPH)
Quincy Bradford to second
Runner from 2nd tries for 3rd, SAFE, throw by RF made to third
Batting: LHB Sakae Kasahara 0-0: Ball
1-0: Called Strike
1-1: SINGLE (Line Drive, 9S, EV 93.1 MPH)
Quincy Bradford scores
Jason May to second
Runner from 2nd tries for 3rd, SAFE, throw by RF made to third
Batting: RHB Edwin Madrid 0-0: Ball
1-0: Ball
2-0: Grounds into double play, 6-4-3 (Groundball, 6, EV 110.0 MPH)
Jason May scores
Batting: SHB Moe Lester 0-0: Ball
1-0: Fly out, F8 (Line Drive, 8LM, EV 88.1 MPH)
Bottom of the 5th over - 2 runs, 3 hits, 0 errors, 0 left on base; Texas 5 - Oakland 5
TOP OF THE 6TH
Texas Rangers batting - Pitching for Oakland Athletics : RHP Orlando Giron
Batting: RHB Danny Heyer 0-0: Called Strike
0-1: Foul Ball, location: 2F
0-2: Ball
1-2: Fly out, F9 (Flyball, 89M, EV 85.6 MPH)
Batting: SHB Addick de Vries 0-0: Foul Ball, location: 2F
0-1: Foul Ball, location: 2F
0-2: Ground out U3 (Groundball, 34, EV 108.8 MPH)
Batting: LHB Sean Geisler 0-0: Ball
1-0: Called Strike
1-1: Ball
2-1: Foul Ball, location: 2F
2-2: Strikes out swinging
Top of the 6th over - 0 runs, 0 hits, 0 errors, 0 left on base; Texas 5 - Oakland 5
BOTTOM OF THE 6TH
Oakland Athletics batting - Pitching for Texas Rangers : RHP Pimbly Nimblebottom
Pitching: LHP Riichi Yamashita
Batting: LHB Al Hernandez 0-0: Ball
1-0: Foul Ball, location: 2F
1-1: Ground out U3 (Groundball, 34, EV 108.1 MPH)
Batting: LHB Joel Kunkler 0-0: Ball
1-0: Ground out U3 (Groundball, 3L, EV 88.1 MPH)
Batting: RHB Randy Shrewsbury 0-0: Foul Ball, location: 2F
0-1: Ball
1-1: Swinging Strike
1-2: Ball
2-2: Strikes out swinging
Bottom of the 6th over - 0 runs, 0 hits, 0 errors, 0 left on base; Texas 5 - Oakland 5
TOP OF THE 7TH
Texas Rangers batting - Pitching for Oakland Athletics : RHP Orlando Giron
Pitching: RHP John Owens
Batting: RHB Butch Kaiser 0-0: Ball
1-0: Called Strike
1-1: Foul Ball, location: 2F
1-2: Foul Ball, location: 2F
1-2: Foul Ball, location: 2F
1-2: Ground out 3-1 (Groundball, 34S, EV 88.8 MPH)
Batting: SHB Robbie Rogers 0-0: Foul Ball, location: 2F
0-1: Ground out 5-3 (Groundball, 15, EV 82.5 MPH)
Batting: LHB Andy Bowman 0-0: Called Strike
0-1: Foul Ball, location: 2F
0-2: Ground out U3 (Groundball, 3S, EV 65.0 MPH)
Top of the 7th over - 0 runs, 0 hits, 0 errors, 0 left on base; Texas 5 - Oakland 5
BOTTOM OF THE 7TH
Oakland Athletics batting - Pitching for Texas Rangers : LHP Riichi Yamashita
Batting: RHB Muneo Kawachi 0-0: Called Strike
0-1: Foul Ball, location: 2F
0-2: Foul Ball, location: 2F
0-2: Strikes out swinging
Batting: SHB Quincy Bradford 0-0: Foul Ball, location: 2F
0-1: Ball
1-1: Ball
2-1: Foul Ball, location: 2F
2-2: Strikes out swinging
Batting: RHB Jason May 0-0: Ball
1-0: Ball
2-0: Foul Ball, location: 2F
2-1: Called Strike
2-2: SOLO HOME RUN (Flyball, 8LXD, EV 108.1 MPH), Distance : 425 ft
Batting: LHB Sakae Kasahara 0-0: Ball
1-0: Ground out 4-3 (Groundball, 34D, EV 90.0 MPH)
Bottom of the 7th over - 1 run, 1 hit, 0 errors, 0 left on base; Texas 5 - Oakland 6
TOP OF THE 8TH
Texas Rangers batting - Pitching for Oakland Athletics : RHP John Owens
Batting: RHB Ray Llewellyn 0-0: Swinging Strike
0-1: Ground out U3 (Groundball, 3, EV 91.2 MPH)
Batting: RHB Zhao-ji Chi 0-0: Called Strike
0-1: Ball
1-1: Foul Ball, location: 2F
1-2: Strikes out swinging
Batting: RHB Rodolfo Contreras 0-0: Foul Ball, location: 2F
0-1: Foul Ball, location: 2F
0-2: Strikes out looking
Top of the 8th over - 0 runs, 0 hits, 0 errors, 0 left on base; Texas 5 - Oakland 6
BOTTOM OF THE 8TH
Oakland Athletics batting - Pitching for Texas Rangers : LHP Riichi Yamashita
Pitching: RHP Kyle Curve
Batting: RHB Edwin Madrid 0-0: Ground out 6-3 (Groundball, 6, EV 98.1 MPH)
Batting: SHB Moe Lester 0-0: Swinging Strike
0-1: Fly out, F8 (Flyball, 8LS, EV 90.0 MPH)
Batting: LHB Al Hernandez 0-0: Ball
1-0: Foul Ball, location: 2F
1-1: Swinging Strike
1-2: Ball
2-2: SINGLE (Flyball, 89S, EV 86.9 MPH)
Batting: LHB Joel Kunkler 0-0: Ball
1-0: Ball
2-0: Called Strike
2-1: Fly out, F9 (Flyball, 9LSF, EV 88.8 MPH)
Bottom of the 8th over - 0 runs, 1 hit, 0 errors, 1 left on base; Texas 5 - Oakland 6
TOP OF THE 9TH
Texas Rangers batting - Pitching for Oakland Athletics : RHP John Owens
Pitching: RHP Mike Pedigo
Batting: RHB Danny Heyer 0-0: Called Strike
0-1: Swinging Strike
0-2: Foul Ball, location: 2F
0-2: Ball
1-2: Foul Ball, location: 2F
1-2: Ball
2-2: Foul Ball, location: 2F
2-2: Strikes out looking
Batting: SHB Addick de Vries 0-0: Called Strike
0-1: Ball
1-1: Ground out 4-3 (Groundball, 4, EV 91.9 MPH)
Batting: LHB Sean Geisler 0-0: DOUBLE (Line Drive, 78XD, EV 103.8 MPH)
Batting: RHB Butch Kaiser 0-0: Ball
1-0: Called Strike
1-1: Foul Ball, location: 2F
1-2: Strikes out swinging
Top of the 9th over - 0 runs, 1 hit, 0 errors, 1 left on base; Texas 5 - Oakland 6
Thursday, December 15th , 2022 - OOTP Baseball 23.9 Build 102